 Dungeon Crawl Stone Soup version 0.31-a0-965-g8a8ce12e04 (webtiles) character file.

Game seed: 13962893179933240741

2972080 RepHenryClay the Rock Star (level 27, 231/231 HPs)
             Began as a Meteoran Earth Elementalist on Oct 25, 2023.
             Was the Champion of Vehumet.
             Escaped with the Orb
             ... and 3 runes on Oct 26, 2023!
             The game lasted 03:48:58 (26514 turns).

RepHenryClay the Rock Star (MeEE)                  Turns: 26514, Time: 03:48:59

Health: 231/231    AC: 17    Str:  9    XL:     27
Magic:  49/49      EV: 36    Int: 36    God:    Vehumet [******]
Gold:   1605       SH:  0    Dex: 23    Spells: 31/69 levels left

rFire   + + +        a - staff of earth
rCold   + + .        K - orb {*channel}
rNeg    + . .        Q - +2 robe {Will+}
rPois   +            e - +5 helmet "Ishrovom" {rC+ Dex+2}
rElec   +            y - +1 cloak of Rotation {Rampage rElec rF+++ Str-3}
rCorr   .            U - +2 pair of gloves {Dex+3}
SInv    +            D - +1 pair of boots {Fly}
Will    ++++.        C - amulet of regeneration
Stlth   +            V - ring "Iloompabb" {rPois rC+ Str+3 Int+3 SInv}
HPRegen 1.38/turn    X - ring of positive energy
MPRegen 0.31/turn

%: rampage, channel magic (20%)
@: flying, glowing, studying 2 skills
A: sense surroundings 3, otherworldly, glowing, explore regen, clever 1,
deterioration 2, fire resistance 1, no potion heal 2
0: Orb of Zot
}: 3/15 runes: barnacled, silver, gossamer
a: Renounce Religion


You escaped.
You worshipped Vehumet.
Vehumet was exalted by your worship.
You visited 10 branches of the dungeon, and saw 48 of its levels.
You visited 1 bazaar.
You also visited: Gauntlet and Ice Cave.

You collected 4266 gold pieces.
You spent 2661 gold pieces at shops.

Inventory:

Hand Weapons
 b - the +9 staff of Olgreb {rPois∞}
   (You took it off a minotaur in a Gauntlet)

   Radiate:   It can be activated via the 'a'bility menu to radiate toxic
   energy, with effectiveness depending on Evocations skill.
   Pois:      It enhances your poison magic.
   rPois∞: It grants immunity to poison.
Armour
 e - the +5 helmet "Ishrovom" (worn) {rC+ Dex+2}
   (You acquired it on level 3 of the Elven Halls)

   Dex+2:     It affects your dexterity (+2).
   rC+:       It protects you from cold.
 m - a +1 cloak of poison resistance
 v - a +1 cloak of cold resistance
 y - the +1 cloak of Rotation (worn) {Rampage rElec rF+++ Str-3}
   (You acquired it on level 5 of the Lair of Beasts)

   Str-3:     It affects your strength (-3).
   rF+++:     It renders you almost immune to fire.
   rElec:     It insulates you from electricity.
   Rampage:   It bestows one free step when moving towards enemies.
 D - a +1 pair of boots of flying (worn)
 E - the +1 robe of Limited Liability {rF++ Str-3 Dex+5}
   (You took it off a vampire mage on level 2 of the Depths)

   Str-3:     It affects your strength (-3).
   Dex+5:     It affects your dexterity (+5).
   rF++:      It greatly protects you from fire.
 K - an orb of energy (worn)
 Q - a +2 robe of willpower (worn)
 T - a +0 buckler of protection
 U - a +2 pair of gloves of dexterity (worn)
Magical Staves
 a - a staff of earth (weapon)
 z - a staff of cold
 R - a staff of fire
 Y - a staff of air
Jewellery
 h - the ring of Fynim {Fly Str+2 Slay+2}
   (You found it on level 12 of the Dungeon)

   [ring of flight]

   Str+2:     It affects your strength (+2).
   Slay+2:    It affects your accuracy & damage with ranged weapons and melee
   (+2).
   Fly:       It grants you flight.
 o - a +5 ring of evasion
 C - an amulet of regeneration (around neck)
 I - a ring of protection from fire
 L - a ring of resist corrosion
 V - the ring "Iloompabb" (left hand) {rPois rC+ Str+3 Int+3 SInv}
   (You found it on level 3 of the Elven Halls)

   [ring of see invisible]

   Str+3:     It affects your strength (+3).
   Int+3:     It affects your intelligence (+3).
   rC+:       It protects you from cold.
   rPois:     It protects you from poison SInv: It lets you see invisible.
 X - a ring of positive energy (right hand)
Wands
 q - a wand of quicksilver (13)
 F - a wand of paralysis (23)
 G - a wand of iceblast (20)
 J - a wand of digging (5)
 N - a wand of mindburst (34)
Scrolls
 d - a scroll of immolation
 f - 16 scrolls of teleportation
 r - 2 scrolls of fear
 s - 4 scrolls of blinking
 t - 8 scrolls of enchant weapon
 w - 3 scrolls of revelation
 x - 5 scrolls of amnesia
 A - 6 scrolls of fog
 B - a scroll of poison
 O - 2 scrolls of summoning
 Z - 6 scrolls of enchant armour
Potions
 c - 16 potions of curing
 g - 2 potions of enlightenment
 i - 8 potions of brilliance
 j - 2 potions of cancellation
 l - 17 potions of heal wounds
 n - 5 potions of haste
 p - 8 potions of might
 u - a potion of ambrosia
 M - 3 potions of magic
 P - a potion of resistance
Miscellaneous
 H - a phial of floods
 S - a box of beasts
 W - a lightning rod (4/4)


   Skills:
 * Level 15.8 Fighting
 - Level 12.0 Staves
 O Level 27 Dodging
 - Level 1.4 Stealth
 + Level 21.8 Spellcasting
 + Level 23.6 Conjurations
 - Level 5.0 Translocations
 - Level 1.2 Transmutations
 - Level 1.4 Air Magic
 O Level 27 Earth Magic
 - Level 5.0 Poison Magic
 + Level 13.8 Evocations


You had 31 spell levels left.
You knew the following spells:

 Your Spells              Type           Power      Damage    Failure   Level
a - Stone Arrow           Conj/Erth      100%       3d13      1%          3
b - Shatter               Erth           75%        3d55*     1%          9
c - Orb of Destruction    Conj           59%        9d14      1%          7
d - Iskenderun's Mystic   Conj/Tloc      97%        2d19      1%          4
e - Olgreb's Toxic Radia  Pois           66%        N/A       1%          4
f - Bombard               Conj/Erth      73%        9d12      1%          6
g - Mephitic Cloud        Conj/Pois/Air  84%        N/A       1%          3
h - Sublimation of Blood  Necr           39%        N/A       5%          2

Your spell library contained the following spells:

 Spells                   Type           Power      Damage    Failure   Level
 Polar Vortex             Ice            19%        12d2*     100%        9
 Apportation              Tloc           100%       N/A       1%          1
 Freeze                   Ice            100%       1d10      1%          1
 Magic Dart               Conj           100%       1d8       1%          1
 Sandblast                Erth           100%       2d20      1%          1
 Passwall                 Tmut/Erth      99%        N/A       1%          2
 Poisonous Vapours        Pois/Air       100%       N/A       1%          2
 Searing Ray              Conj           100%       2d8       1%          2
 Static Discharge         Conj/Air       100%       3-8/arc   1%          2
 Dazzling Flash           Conj/Hex       100%       N/A       1%          3
 Hailstorm                Conj/Ice       90%        3d18      1%          3
 Ignite Poison            Fire/Tmut/Pois 52%        N/A       1%          3
 Volatile Blastmotes      Fire/Tloc      100%       2d18      1%          3
 Animate Armour           Summ/Erth      100%       N/A       1%          4
 Brom's Barrelling Bould  Conj/Erth      100%       2d11      1%          4
 Flame Wave               Conj/Fire      90%        2d19      1%          4
 Fulminant Prism          Conj/Hex       45%        3d21      1%          4
 Leda's Liquefaction      Hex/Erth       58%        N/A       1%          4
 Petrify                  Tmut/Erth      100%       N/A       1%          4
 Sticky Flame             Conj/Fire      90%        2d10      1%          4
 Fireball                 Conj/Fire      45%        3d18      1%          5
 Freezing Cloud           Conj/Ice/Air   39%        6-21      1%          5
 Irradiate                Conj/Tmut      45%        3d26      1%          5
 Iskenderun's Battlesphe  Conj           100%       2d15      1%          5
 Conjure Ball Lightning   Conj/Air       46%        3x3d16    1%          6
 Sting                    Tmut/Pois      100%       1d8       2%          1
 Frozen Ramparts          Ice            78%        1d12      2%          3
 Inner Flame              Hex/Fire       39%        N/A       2%          3
 Airstrike                Air            24%        2d(4-20)  3%          4
 Necrotise                Necr           100%       1d9       4%          1
 Slow                     Hex            100%       N/A       4%          1
 Summon Small Mammal      Summ           100%       N/A       4%          1
 Manifold Assault         Tloc           66%        N/A       4%          4
 Passage of Golubria      Tloc           66%        N/A       4%          4
 Call Imp                 Summ           78%        N/A       5%          2
 Ensorcelled Hibernation  Hex/Ice        78%        N/A       5%          2
 Jinxbite                 Hex            78%        N/A       5%          2
 Swiftness                Air            49%        N/A       5%          3
 Call Canine Familiar     Summ           39%        N/A       8%          3
 Sigil of Binding         Hex            39%        N/A       8%          3
 Summon Guardian Golem    Hex/Summ       39%        N/A       8%          3
 Tukima's Dance           Hex            39%        N/A       8%          3
 Vampiric Draining        Necr           39%        2d8       8%          3
 Dimensional Bullseye     Hex/Tloc       27%        N/A       10%         4
 Yara's Violent Unravell  Hex/Tmut       21%        3d10      10%         5
 Summon Lightning Spire   Summ/Air       44%        N/A       14%         4
 Alistair's Intoxication  Tmut/Pois      38%        N/A       16%         5
 Summon Ice Beast         Ice/Summ       39%        N/A       19%         4
 Silence                  Hex/Air        22%        N/A       32%         5
 Dispersal                Tloc           33%        N/A       32%         6
 Plasma Beam              Fire/Air       22%        2x1d34    32%         6
 Agony                    Necr           39%        N/A       38%         5
 Chain Lightning          Conj/Air       46%        3d61      80%         9
 Fire Storm               Conj/Fire      45%        8d11      86%         9
 Simulacrum               Ice/Necr       19%        N/A       87%         6
 Enfeeble                 Hex            19%        N/A       100%        7
 Monstrous Menagerie      Summ           19%        N/A       100%        7
 Discord                  Hex            19%        N/A       100%        8
 Disjunction              Tloc           33%        N/A       100%        8
 Ignition                 Fire           19%        3d7       100%        8
 Maxwell's Capacitive Co  Air            24%        ∞         100%        8


Dungeon Overview and Level Annotations

Branches:
Dungeon (15/15)            Temple (1/1) D:5            Lair (5/5) D:9
 Shoals (4/4) Lair:3       Spider (4/4) Lair:2        Slime (0/5) Lair:5
    Orc (2/2) D:9             Elf (3/3) Orc:2        Vaults (5/5) D:13
  Crypt (0/3) Vaults:3     Depths (4/4) D:15            Zot (5/5) Depths:4
  IceCv (visited)         Gauntlet (visited)

Altars:
Ashenzari
Cheibriados
Dithmenos
Elyvilon
Fedhas
Gozag
Hepliaklqana
Kikubaaqudgha
Makhleb
Nemelex Xobeh
Okawaru
Qazlal
Ru
Sif Muna
Trog
Uskayaw
Vehumet
Wu Jian
Xom
Yredelemnul
Zin
The Shining One
Jiyva

Shops:
D:1 ?   D:3 =   D:4 *   Orc:1 ?   Orc:2 [?!*   Elf:2 !   Elf:3 ?   Shoals:1 (
Shoals:2 (   Vaults:5 ???![(   Depths:1 !=

Portals:
Hell: Depths:1 Depths:2 Depths:3 Depths:4
Abyss: Depths:3 Depths:4
Pandemonium: Depths:2
Ziggurat: Depths:2

Annotations:
D:5 Edmund
Elf:2 5 runed translucent doors


Innate Abilities, Weirdness & Mutations

You passively map a large area around you.
You are easily found by Zot.
You glow in the dark.
You regain HP and MP as you explore.
Your mind is acute. (Int +4, Str/Dex -1)
Your body often deteriorates upon taking damage.
Your flesh is heat resistant. (rF+)
Potions cannot restore your health.


Message History

You feel your power returning. The blast sends you backwards.
What level of the Dungeon? (default 1, ? - help)
There is a stone staircase leading up here.
You fly upwards.
There is a stone staircase leading down here.
An Ice Fiend comes into view.
Casting: Bombard (mildly dangerous; 1% risk of failure)
Confirm with . or Enter, or press ? or * to list all spells.
Aiming: Bombard (mildly dangerous; 1% risk of failure)
Press: ? - help, Shift-Dir - straight line, f - Ice Fiend
Aim: an Ice Fiend (91% to hit)
You feel a surge of power!
The iron shot hits the Ice Fiend!!!
The Ice Fiend is heavily wounded.
The blast sends you backwards.
Casting: Bombard (mildly dangerous; 1% risk of failure)
Confirm with . or Enter, or press ? or * to list all spells.
Aiming: Bombard (mildly dangerous; 1% risk of failure)
Press: ? - help, Shift-Dir - straight line, f/p - Ice Fiend
Aim: an Ice Fiend (heavily wounded, 91% to hit)
You feel a surge of power!
The iron shot hits the Ice Fiend!!!
You kill the Ice Fiend!
Vehumet accepts your kill.
What level of the Dungeon? (default 1, ? - help)
There is a stone staircase leading up here.
You fly upwards.
There is a stone staircase leading down here.
There is a stone staircase leading up here.
You fly upwards.
There is a stone staircase leading down here.
There is a stone staircase leading up here.
You fly upwards.
There is a stone staircase leading down here.
Magic restored.
Aiming: Dig
Press: ? - help, Shift-Dir - straight line, f - you Please select a direction to dig.
This square is covered in magical glow.
The rock shatters into small pieces.
There is a staircase leading out of the dungeon here.
You have escaped!

#### #@.###
##....#####
#.........##### ##
##............#####.
#.#.............#...
##.##....#..........
##.#####...........
##.## ####........
##.## #####....


There were no monsters in sight!

Vanquished Creatures
  A dread lich (Vaults:5)
  4 orbs of fire
  An ancient lich (Zot:5)
  Boris (Vaults:2)
  Josephina (Zot:4)
  11 Killer Klowns
  Bai Suzhen (Shoals:4)
  2 curse toes
  8 golden dragons
  Nikola (Shoals:4)
  Norris (Elf:3)
  A Tzitzimitl (Depths:2)
  2 doom hounds (Zot:4)
  4 electric golems
  A hellephant (D:8)
  15 tentacled monstrosities
  2 Ice Fiends
  A lich (Vaults:5)
  Jorgrun (Orc:2)
  26 Orb Guardians
  Rupert (D:14)
  3 quicksilver dragons
  Asterion (Vaults:1)
  Grunn (Zot:4)
  2 deep elf master archers (Elf:3)
  2 titans (Vaults:5)
  3 sphinxes
  Polyphemus (Shoals:4)
  11 death cobs
  A kraken (Shoals:1)
  Kirke (Spider:4)
  10 storm dragons
  6 tengu reavers
  7 draconian monks
  10 shadow dragons
  2 iron dragons (Vaults:5)
  7 draconian knights
  6 frost giants
  8 deep elf sorcerers
  7 fire giants
  Louise (Shoals:1)
  3 emperor scorpions
  7 ghost moths
  7 draconian scorchers
  4 orc warlords
  A deep elf elementalist (Elf:3)
  3 broodmothers (Spider:4)
  A caustic shrike zombie (Depths:1)
  9 draconian shifters
  15 vault wardens
  12 very ugly things
  7 draconian stormcallers
  7 draconian annihilators
  A reaper (IceCv)
  2 formless jellyfish
  16 ironbound preservers
  2 spriggan defenders
  3 war gargoyles
  8 ironbound thunderhulks
  10 stone giants
  A broodmother (shapeshifter) (Vaults:5)
  9 deep elf demonologists
  8 vampire knights
  20 green draconians
  A lorocyproca (Depths:2)
  14 black draconians
  21 dire elephants
  10 spark wasps
  13 white draconians
  13 deep elf annihilators
  10 yellow draconians
  13 red draconians
  4 merfolk javelineers
  12 purple draconians
  A minotaur (Gauntlet)
  7 crystal guardians
  6 deep elf death magi
  An ettin (shapeshifter) (Elf:2)
  11 ettins
  8 fire dragons
  8 entropy weavers
  16 yaktaur captains
  4 great orbs of eyes
  9 deep elf high priests
  9 hydras
  7 ice dragons
  9 merfolk impalers
  2 rakshasas
  A jorogumo (Spider:3)
  3 peacekeepers
  5 spriggan air magi
  36 vault guards
  3 catoblepae
  A merfolk avatar (Shoals:1)
  13 centaur warriors
  3 alligator snapping turtles
  12 ironbound frosthearts
  3 ogre magi
  3 radroaches
  5 boulder beetles
  15 two-headed ogres
  Erica (D:8)
  6 merfolk aquamancers
  10 deep troll shamans
  A two-headed ogre (shapeshifter) (Vaults:5)
  12 dancing weapons
  7 tengu warriors
  4 satyrs
  2 sphinx skeletons (D:15)
  A satyr (shapeshifter) (Vaults:5)
  3 deep troll earth magi
  14 demonic crawlers
  An occultist (Depths:3)
  3 spriggan berserkers
  6 vampire magi
  10 death yaks
  26 hell knights
  5 orc high priests
  7 sun demons (Depths:3)
  A soul eater (Depths:1)
  4 skeletal warriors
  4 deep elf knights
  8 iron trolls
  A sixfirhy (Depths:2)
  5 skysharks
  A spark wasp zombie (Depths:1)
  A death drake (Zot:3)
  3 pharaoh ants
  8 shadow wraiths (Depths:2)
  A salamander mystic (Depths:3)
  4 sun moths
  48 deep trolls
  9 sea snakes
  6 orb spiders
  An orange crystal statue (Gauntlet)
  A glowing orange brain (Vaults:4)
  9 lindwurms
  3 shadow demons (Depths:2)
  5 phantasmal warriors
  Pikel (D:8)
  7 deep elf archers
  19 ironbound convokers
  25 deep elf pyromancers
  26 deep elf zephyrmancers
  3 arcanists
  19 orc knights
  6 steelbarb worms
  8 necromancers
  12 harpies
  22 ugly things
  A wolf spider (shapeshifter) (Vaults:5)
  4 oklob plants (Lair:4)
  25 fauns
  24 wolf spiders
  4 cyclopes
  4 salamanders
  A fire giant zombie (Vaults:3)
  5 orc sorcerers
  12 manticores
  2 shining eyes (Depths:3)
  25 moths of wrath
  A human skeleton (Vaults:3)
  Maurice (D:8)
  An elephant (shapeshifter) (Vaults:5)
  A frost giant skeleton (Depths:1)
  An ice statue (IceCv)
  A guardian serpent (shapeshifter) (D:13)
  An eye of devastation (Lair:5)
  4 elephants (Lair:5)
  7 water nymphs
  2 smoke demons (Depths:2)
  7 merfolk sirens
  6 black mambas
  5 cane toads
  An eye of devastation (shapeshifter) (Vaults:5)
  A human zombie (Vaults:4)
  A molten gargoyle (Depths:3)
  22 vault sentinels
  7 torpor snails
  2 unseen horrors
  2 elf zombies (Vaults:4)
  2 hellions (Depths:3)
  A rime drake (D:9)
  8 komodo dragons
  A yaktaur (shapeshifter) (D:14)
  19 yaktaurs
  A kobold demonologist (D:10)
  An ice devil (IceCv)
  3 tengu conjurers
  An efreet (D:15)
  3 freezing wraiths
  3 meliai (Gauntlet)
  A merfolk (shapeshifter) (Vaults:5)
  29 tarantellas
  28 merfolk
  5 trolls
  A tarantella (shapeshifter) (Elf:2)
  6 polar bears
  A shadow dragon simulacrum (Zot:4)
  10 wind drakes
  15 blink frogs
  A raiju (shapeshifter) (Elf:2)
  3 glass eyes
  A snapping turtle (shapeshifter) (Vaults:1)
  8 snapping turtles
  5 dream sheep (Lair:4)
  26 culicivoras
  A slime creature (shapeshifter) (Vaults:5)
  A jumping spider (shapeshifter) (D:13)
  21 slime creatures
  25 jumping spiders
  6 wyverns
  A shadow (D:12)
  A dire elephant simulacrum (IceCv)
  An ettin skeleton (Depths:1)
  An air elemental (Elf:2)
  A centaur simulacrum (D:15)
  A spriggan (Lair:3)
  41 yaks
  4 hogs (Spider:4)
  5 wraiths
  2 fire elementals (Elf:3)
  A human (Spider:4)
  18 water elementals
  4 death yak simulacra (IceCv)
  A yellow draconian simulacrum (Zot:4)
  A golden eye (shapeshifter) (Depths:2)
  8 basilisks
  A human simulacrum (Vaults:4)
  62 redbacks
  A steam dragon (D:9)
  2 ogre zombies (Vaults:3)
  A harpy simulacrum (IceCv)
  6 vampire mosquitoes (D:12)
  7 wargs
  A warg (shapeshifter) (Elf:2)
  5 acid dragons
  An acid dragon (shapeshifter) (Elf:2)
  8 hell hounds
  12 water moccasins
  51 orc warriors
  2 black bears
  A moth of wrath simulacrum (Zot:4)
  4 ice beasts
  8 boggarts
  21 wolves
  7 centaurs
  2 lemures (D:8)
  20 ogres
  3 kobold brigands
  A phantom (D:5)
  12 bullfrogs
  A two-headed ogre simulacrum (IceCv)
  2 scorpions
  4 earth elementals
  A gnoll sergeant (D:9)
  A cane toad simulacrum (IceCv)
  A scorpion (shapeshifter) (Elf:2)
  14 wights
  3 elephant simulacra (IceCv)
  3 killer bees (D:5)
  A howler monkey (D:6)
  A hound (shapeshifter) (Elf:2)
  4 hounds
  3 jellies
  Crazy Yiuf (D:4)
  2 gnoll boudas
  25 orc priests
  An iguana (D:7)
  19 orc wizards
  7 spriggan simulacra (IceCv)
  3 troll simulacra (IceCv)
  4 wolf simulacra (IceCv)
  A mummy (D:3)
  18 gnolls
  8 naga simulacra (IceCv)
  7 adders
  2 shadow imps (D:6)
  4 white imps (IceCv)
  9 ufetubi
  A worm (D:2)
  2 dart slugs
  96 orcs
  10 bats
  8 endoplasms
  3 giant cockroaches
  4 hobgoblins
  25 kobolds
  A quokka (D:1)
  10 ball pythons
  4 frilled lizards
  11 goblins
  2 rats
  A spectral hobgoblin (D:2)
  A boulder (Lair:4)
  2 tentacles (Shoals:1)
2113 creatures vanquished.

Vanquished Creatures (collateral kills)
  9 boulders
9 creatures vanquished.

Vanquished Creatures (others)
  A deep elf demonologist (Elf:1)
  A white draconian (Zot:4)
  An ice dragon (Depths:4)
  A faun (Shoals:3)
  2 deep elf pyromancers (Elf:1)
  A water elemental (Shoals:4)
  An orc (Orc:2)
  12 boulders
  3 tentacles (Shoals:1)
23 creatures vanquished.

Grand Total: 2145 creatures vanquished

Notes
Turn   | Place    | Note
-------+----------+-------------------------------------------
     0 | D:1      | RepHenryClay the Meteoran Earth Elementalist began the
                  | quest for the Orb.
     0 | D:1      | Reached XP level 1. HP: 14/14 MP: 5/5
    49 | D:1      | Reached XP level 2. HP: 18/20 MP: 1/6
   211 | D:1      | Reached XP level 3. HP: 26/26 MP: 6/8
   433 | D:1      | Reached skill level 5 in Earth Magic
   447 | D:1      | Found Maremuiw's Magic Scroll Shop.
   456 | D:1      | Bought a scroll of teleportation for 33 gold pieces
   488 | D:1      | Glimpsed the power of Zot.
   538 | D:1      | Glimpsed the power of Zot.
   583 | D:2      | Found a faded altar of an unknown god.
   691 | D:2      | Reached XP level 4. HP: 32/33 MP: 6/9
   859 | D:3      | Found a snail-covered altar of Cheibriados.
   905 | D:3      | Found Soriwk's Jewellery Boutique.
   944 | D:3      | Found a shadowy altar of Dithmenos.
   956 | D:3      | Reached XP level 5. HP: 35/38 MP: 6/10
   958 | D:3      | Identified the +1 robe "Noaremy" {Slay+3}
  1245 | D:3      | Learned a level 3 spell: Stone Arrow
  1250 | D:3      | Learned a level 4 spell: Brom's Barrelling Boulder
  1417 | D:4      | Found a runed translucent door.
  1418 | D:4      | Noticed Crazy Yiuf
  1423 | D:4      | Killed Crazy Yiuf
  1424 | D:4      | Reached XP level 6. HP: 40/45 MP: 8/11
  1561 | D:4      | Found Zin's Purification Station.
  1561 | D:4      | Found a glowing silver altar of Zin.
  1621 | D:4      | Noticed an ogre
  1628 | D:4      | Killed an ogre
  1629 | D:4      | Reached XP level 7. HP: 25/50 MP: 7/12
  1764 | D:5      | Entered Level 5 of the Dungeon
  1775 | D:5      | Reached skill level 1 in Conjurations
  1881 | D:5      | Found a blossoming altar of Fedhas.
  1914 | D:5      | Reached XP level 8. HP: 57/57 MP: 11/13
  1916 | D:5      | Reached skill level 5 in Conjurations
  2122 | D:5      | Found a basalt altar of Yredelemnul.
  2207 | D:5      | Noticed Edmund
  2370 | D:5      | Found a staircase to the Ecumenical Temple.
  2379 | Temple   | Entered the Ecumenical Temple
  2434 | D:6      | Found a hide-covered altar of Uskayaw.
  2507 | D:6      | Gained mutation: You passively map the area around you.
                  | [Meteoran growth]
  2507 | D:6      | Reached XP level 9. HP: 49/62 MP: 0/14
  2567 | D:6      | Reached skill level 5 in Dodging
  2726 | D:6      | Found an ornate altar of the Wu Jian Council.
  2726 | D:6      | Found a sacrificial altar of Ru.
  2728 | D:6      | Found a bloodstained altar of Trog.
  2730 | D:6      | Found a shimmering blue altar of Sif Muna.
  2731 | D:6      | Found a radiant altar of Vehumet.
  2739 | D:6      | Became a worshipper of Vehumet
  3383 | D:8      | Noticed Erica
  3387 | D:8      | Killed Erica
  3388 | D:8      | Reached XP level 10. HP: 69/69 MP: 5/16
  3567 | D:8      | Reached * piety under Vehumet
  3567 | D:8      | Offered knowledge of Freeze by Vehumet.
  3722 | D:8      | Noticed Pikel
  3733 | D:8      | Killed Pikel
  3734 | D:8      | Reached skill level 5 in Spellcasting
  3734 | D:8      | Reached skill level 10 in Conjurations
  3812 | D:8      | Noticed Maurice
  3818 | D:8      | Something stole an orb of energy
  3825 | D:8      | Something stole 24 poisoned darts
  3839 | D:8      | Killed Maurice
  3840 | D:8      | Reached skill level 10 in Dodging
  3954 | D:9      | Noticed a rime drake
  3955 | D:9      | Found a staircase to the Lair.
  3963 | D:9      | Killed a rime drake
  3964 | D:9      | Reached XP level 11. HP: 33/74 MP: 10/20
  3989 | D:9      | Noticed a two-headed ogre
  4074 | D:9      | Killed a two-headed ogre
  4141 | D:9      | Reached skill level 1 in Staves
  4286 | D:9      | Offered knowledge of Poisonous Vapours by Vehumet.
  4287 | D:9      | Reached skill level 5 in Staves
  4289 | D:9      | Reached ** piety under Vehumet
  4477 | D:9      | Found a staircase to the Orcish Mines.
  4541 | D:10     | Entered Level 10 of the Dungeon
  4755 | D:10     | Offered knowledge of Frozen Ramparts by Vehumet.
  5064 | D:11     | Noticed a two-headed ogre
  5072 | D:11     | Killed a two-headed ogre
  5073 | D:11     | Reached XP level 12. HP: 81/81 MP: 15/22
  5241 | D:11     | Noticed an ogre mage
  5242 | D:11     | Noticed a two-headed ogre
  5244 | D:11     | Noticed a two-headed ogre
  5318 | D:11     | Learned a level 4 spell: Iskenderun's Mystic Blast
  5323 | D:11     | Learned a level 4 spell: Olgreb's Toxic Radiance
  5369 | D:11     | Reached *** piety under Vehumet
  5370 | D:11     | Reached skill level 1 in Translocations
  5510 | D:11     | Killed a two-headed ogre
  5520 | D:11     | Killed an ogre mage
  5521 | D:11     | Reached skill level 5 in Translocations
  5521 | D:11     | Reached skill level 1 in Evocations
  5524 | D:11     | Killed a two-headed ogre
  5629 | Lair:1   | Entered Level 1 of the Lair of Beasts
  5756 | Lair:1   | Reached skill level 5 in Evocations
  5756 | Lair:1   | Reached skill level 1 in Air Magic
  5756 | Lair:1   | Reached skill level 1 in Poison Magic
  5877 | Lair:1   | Found a gate leading to a gauntlet.
  5883 | Gauntlet | Entered a Gauntlet
  5883 | Gauntlet | Found a transporter.
  5894 | Gauntlet | Found a transporter.
  5898 | Gauntlet | Found a transporter.
  5929 | Gauntlet | Found a transporter.
  5936 | Gauntlet | Noticed a fire crab
  5939 | Gauntlet | Found a transporter.
  5940 | Gauntlet | Found a transporter.
  5940 | Gauntlet | Found a transporter.
  5942 | Gauntlet | Noticed an entropy weaver
  5962 | Gauntlet | Found a transporter.
  5962 | Gauntlet | Found a transporter.
  5962 | Gauntlet | Found a transporter.
  5970 | Gauntlet | Found a transporter.
  5977 | Gauntlet | Offered knowledge of Fulminant Prism by Vehumet.
  5980 | Gauntlet | Found a transporter.
  5980 | Gauntlet | Found a transporter.
  5995 | Gauntlet | Noticed an orange crystal statue
  5997 | Gauntlet | Found a transporter.
  6010 | Gauntlet | Killed an orange crystal statue
  6011 | Gauntlet | Reached skill level 5 in Poison Magic
  6031 | Gauntlet | Noticed a minotaur
  6039 | Gauntlet | Killed a minotaur
  6168 | Lair:1   | Reached XP level 13. HP: 79/86 MP: 7/23
  6265 | Lair:2   | Noticed a catoblepas
  6272 | Lair:2   | Killed a catoblepas
  6301 | Lair:2   | Found a snail-covered altar of Cheibriados.
  6340 | Lair:2   | Reached **** piety under Vehumet
  6343 | Lair:2   | Found a hole to the Spider Nest.
  6621 | Lair:2   | Offered knowledge of Hailstorm by Vehumet.
  6657 | Lair:2   | Reached skill level 10 in Evocations
  6905 | Lair:3   | Reached ***** piety under Vehumet
  6996 | Lair:3   | Offered knowledge of Bombard by Vehumet.
  7005 | Lair:3   | Learned a level 6 spell: Bombard
  7068 | Lair:4   | Noticed a boulder beetle
  7077 | Lair:4   | Killed a boulder beetle
  7093 | Lair:4   | Reached XP level 14. HP: 64/93 MP: 23/26
  7301 | Lair:4   | Found the ring of the Tortoise {AC+8}
  7476 | Lair:4   | Identified the +2 dagger "Engux" {heavy, rPois rC+++
                  | Stlth-}
  7652 | Lair:5   | Entered Level 5 of the Lair of Beasts
  7743 | Lair:5   | Learned a level 3 spell: Mephitic Cloud
  7820 | Lair:5   | Found a viscous altar of Jiyva.
  7832 | Lair:5   | Found a staircase to the Slime Pits.
  8084 | Lair:5   | Learned a level 7 spell: Orb of Destruction
  8084 | Lair:5   | Identified a scroll of acquirement
  8084 | Lair:5   | Acquired the +1 cloak of Rotation {Rampage rElec rF+++
                  | Str-3}
  8249 | Lair:5   | Reached XP level 15. HP: 99/99 MP: 7/29
  8339 | Lair:5   | Offered knowledge of Eringya's Noxious Bog by Vehumet.
  8531 | Orc:1    | Entered Level 1 of the Orcish Mines
  8542 | Orc:1    | Reached skill level 15 in Dodging
  8672 | Orc:2    | Entered Level 2 of the Orcish Mines
  8679 | Orc:2    | Reached skill level 15 in Conjurations
  8811 | Orc:1    | Found Zyfedghipn's Magic Scroll Shop.
  8863 | Orc:1    | Bought a scroll of summoning for 142 gold pieces
  8863 | Orc:1    | Bought a scroll of teleportation for 45 gold pieces
  8863 | Orc:1    | Bought 2 scrolls of identify for 60 gold pieces
  8863 | Orc:1    | Bought a scroll of enchant armour for 112 gold pieces
  8863 | Orc:1    | Bought a scroll of revelation for 112 gold pieces
  8888 | Orc:2    | Reached skill level 1 in Fighting
  8929 | Orc:2    | Offered knowledge of Arcjolt by Vehumet.
  8935 | Orc:2    | Reached skill level 10 in Staves
  8952 | Orc:2    | Found Tiacaguymp's Assorted Antiques.
  8997 | Orc:2    | Bought a lumpy citrine amulet for 185 gold pieces
  9007 | Orc:2    | Found Ojeaf's Distillery.
  9281 | Orc:2    | Noticed Jorgrun
  9288 | Orc:2    | Noticed an orc warlord
  9291 | Orc:2    | Reached skill level 5 in Fighting
  9292 | Orc:2    | Killed Jorgrun
  9302 | Orc:2    | Killed an orc warlord
  9316 | Orc:2    | Found Tainatui's Armour Shoppe.
  9328 | Orc:2    | Bought a +0 pair of boots of flying for 184 gold pieces
  9374 | Orc:2    | Found Ezycsuec's Magic Scroll Boutique.
  9378 | Orc:2    | Reached ****** piety under Vehumet
  9386 | Orc:2    | Bought a scroll of teleportation for 39 gold pieces
  9386 | Orc:2    | Bought 2 scrolls of fear for 104 gold pieces
  9386 | Orc:2    | Bought a scroll of teleportation for 39 gold pieces
  9386 | Orc:2    | Bought 2 scrolls of enchant armour for 195 gold pieces
  9386 | Orc:2    | Bought a scroll of teleportation for 39 gold pieces
  9394 | Orc:2    | Offered knowledge of Plasma Beam by Vehumet.
  9544 | Spider:1 | Entered Level 1 of the Spider Nest
  9564 | Spider:1 | Reached skill level 10 in Spellcasting
  9574 | Spider:1 | Noticed an emperor scorpion
  9576 | Spider:1 | Reached XP level 16. HP: 118/119 MP: 14/31
  9580 | Spider:1 | Killed an emperor scorpion
  9866 | Spider:1 | Offered knowledge of Ozocubu's Refrigeration by Vehumet.
 10152 | Spider:2 | Noticed a ghost moth
 10329 | Spider:2 | Killed a ghost moth
 10369 | Spider:2 | Killed a ghost moth
 10370 | Spider:2 | Reached XP level 17. HP: 76/126 MP: 6/32
 10801 | Spider:4 | Entered Level 4 of the Spider Nest
 10885 | Spider:4 | Offered knowledge of Irradiate by Vehumet.
 11143 | Spider:4 | Noticed Kirke
 11161 | Spider:4 | Killed Kirke
 11365 | Spider:4 | Gained mutation: You passively map a large area around you.
                  | [Meteoran growth]
 11365 | Spider:4 | Reached XP level 18. HP: 101/133 MP: 17/33
 11583 | Spider:4 | Got a gossamer rune of Zot
 11614 | Spider:4 | Offered knowledge of Lehudib's Crystal Spear by Vehumet.
 11829 | Lair:3   | Found a staircase to the Shoals.
 11834 | Shoals:1 | Identified the "Cueqap"
 11834 | Shoals:1 | Entered Level 1 of the Shoals
 11895 | Shoals:1 | Noticed a kraken
 11904 | Shoals:1 | Killed a kraken
 11964 | Shoals:1 | Found Haifargh's Antique Weapon Shoppe.
 11965 | Shoals:1 | You are sucked into a shaft and drop 1 floor!
 12192 | Shoals:1 | Noticed Louise
 12202 | Shoals:1 | Killed Louise
 12460 | Shoals:2 | Reached skill level 10 in Fighting
 12522 | Shoals:2 | Found Orusufim's Antique Weapon Boutique.
 12575 | Shoals:3 | Offered knowledge of Shatter by Vehumet.
 12575 | Shoals:3 | Offered knowledge of Polar Vortex by Vehumet.
 12575 | Shoals:3 | Offered knowledge of Maxwell's Capacitive Coupling by
                  | Vehumet.
 12599 | Shoals:3 | Learned a level 9 spell: Shatter
 12619 | Shoals:3 | Reached XP level 19. HP: 154/154 MP: 35/35
 12647 | Shoals:3 | Reached skill level 10 in Earth Magic
 12975 | Shoals:4 | Entered Level 4 of the Shoals
 12975 | Shoals:4 | Noticed Bai Suzhen
 12988 | Shoals:4 | Killed Bai Suzhen
 13198 | Shoals:4 | Identified the +0 leather armour of Gehenna {rF- rN+ Int+3}
 13251 | Shoals:4 | Identified the +10 longbow "Aseerph" {drain, Drain rElec
                  | rF+ rC++}
 13333 | Shoals:4 | Noticed Polyphemus
 13358 | Shoals:4 | Killed Polyphemus
 13381 | Shoals:4 | Noticed Nikola
 13411 | Shoals:4 | Killed Nikola
 13608 | Shoals:4 | Identified the +2 robe of the Storm King {Harm rF+ Str+2}
 13692 | Shoals:4 | Got a barnacled rune of Zot
 14011 | Orc:2    | Found a staircase to the Elven Halls.
 14018 | Crypt:2  | Identified the "Juzyrem"
 14018 | Crypt:3  | Identified the of Jymoq
 14018 | Depths:1 | Identified the of Hiampos
 14018 | Depths:3 | Identified the of Qiaprye
 14018 | Depths:3 | Identified the of Peis
 14018 | Depths:3 | Identified the "Leboushuq"
 14018 | Elf:1    | Entered Level 1 of the Elven Halls
 14045 | Elf:1    | Reached XP level 20. HP: 161/161 MP: 37/37
 14137 | Elf:1    | Found a flickering gateway to a bazaar.
 14161 | Bazaar   | Entered a bazaar
 14175 | Bazaar   | Found Loum's Weapon Emporium.
 14175 | Bazaar   | Found Hycac's Antique Weapon Shoppe.
 14198 | Bazaar   | Found Iqimiud's General Store.
 14198 | Bazaar   | Found Emoliby's Distillery.
 14213 | Bazaar   | Bought a potion of heal wounds for 60 gold pieces
 14213 | Bazaar   | Bought a potion of heal wounds for 60 gold pieces
 14241 | Bazaar   | Found Adutihi's Magic Scroll Shoppe.
 14247 | Bazaar   | Bought a scroll of teleportation for 39 gold pieces
 14247 | Bazaar   | Bought a scroll of teleportation for 39 gold pieces
 14317 | Elf:1    | Noticed a Brimstone Fiend
 14647 | Elf:2    | Identified the of Ampicrot
 14659 | Elf:2    | Reached skill level 15 in Earth Magic
 14764 | Elf:2    | Found Umaprad's Distillery.
 15103 | Elf:2    | Found a huge runed translucent gate.
 15104 | Elf:2    | Found a huge runed translucent gate.
 15104 | Elf:2    | Found a huge runed translucent gate.
 15105 | Elf:2    | Found a huge runed translucent gate.
 15105 | Elf:2    | Found a huge runed translucent gate.
 15142 | Elf:3    | Identified the of Quvairod
 15142 | Elf:3    | Identified the of Cuqeot
 15142 | Elf:3    | Identified the "Oleim"
 15142 | Elf:3    | Entered Level 3 of the Elven Halls
 15155 | Elf:3    | Identified the +7 whip of Okawaru's Displeasure {elec,
                  | Will++ Dex+2 Stlth-}
 15228 | Elf:3    | Acquired the +5 helmet "Ishrovom" {rC+ Dex+2}
 15298 | Elf:2    | Reached skill level 15 in Spellcasting
 15423 | D:12     | Identified the ring of Fynim {Fly Str+2 Slay+2}
 15704 | D:12     | Found a frozen archway.
 15711 | IceCv    | Entered an ice cave
 16546 | D:13     | Identified the +6 rapier of Evil {antimagic, rF+ rC+ Int+3}
 16652 | D:13     | Reached XP level 21. HP: 153/168 MP: 30/41
 16656 | D:13     | Found a gate to the Vaults.
 16839 | D:14     | Noticed Rupert
 16845 | D:14     | Killed Rupert
 17234 | D:15     | Entered Level 15 of the Dungeon
 17275 | D:15     | Found a stormy altar of Qazlal.
 17362 | D:15     | Found a staircase to the Depths.
 17738 | Depths:1 | Entered Level 1 of the Depths
 17889 | Depths:1 | Gained mutation: You are resistant to electric shocks.
                  | (rElec) [mutagenic glow]
 17959 | Depths:1 | Found a gateway to Hell.
 18054 | Depths:1 | Gained mutation: Your body sometimes deteriorates upon
                  | taking damage. [mutagenic glow]
 18140 | Depths:1 | Found Fubir Toikk's Jewellery Emporium.
 18152 | Depths:1 | Found Zeust's Distillery.
 18156 | Depths:1 | Bought a potion of heal wounds for 80 gold pieces
 18156 | Depths:1 | Bought a potion of heal wounds for 80 gold pieces
 18278 | Depths:2 | Reached XP level 22. HP: 157/174 MP: 42/42
 18321 | Depths:2 | Reached XP level 23. HP: 181/181 MP: 41/43
 18431 | Depths:2 | Found a one-way gateway to a ziggurat.
 18604 | Depths:2 | Found a one-way gate leading to the halls of Pandemonium.
 18700 | Depths:2 | Identified the +1 robe of Limited Liability {rF++ Str-3
                  | Dex+5}
 18702 | Depths:2 | Found the +2 hood of the Assassin {Detect Stab+ Stlth++}
 18835 | Depths:2 | Found a shadowy altar of Dithmenos.
 19045 | Depths:3 | Gained mutation: You are dopey. (Int -2) [a shining eye]
 19100 | Depths:3 | Noticed a golden dragon
 19111 | Depths:3 | Killed a golden dragon
 19150 | Depths:3 | Found a one-way gate to the infinite horrors of the Abyss.
 19191 | Depths:3 | Noticed a golden dragon
 19199 | Depths:3 | Killed a golden dragon
 19200 | Depths:3 | Reached XP level 24. HP: 189/189 MP: 25/43
 19263 | Depths:4 | Entered Level 4 of the Depths
 19804 | Elf:3    | Noticed Norris
 19917 | Elf:3    | Killed Norris
 19961 | Elf:3    | Reached skill level 27 in Earth Magic
 19968 | Elf:3    | Found Buuzuirph's Magic Scroll Shop.
 19976 | Elf:3    | Bought a scroll of blinking for 157 gold pieces
 19976 | Elf:3    | Bought a scroll of blinking for 157 gold pieces
 19976 | Elf:3    | Bought a scroll of teleportation for 63 gold pieces
 20114 | Elf:3    | Identified the ring "Wuriydd" {Fly rF+ Dex+6}
 20121 | Elf:3    | Reached XP level 25. HP: 126/194 MP: 42/43
 20145 | Elf:3    | Found the +7 sceptre of Torment {pain, torment}
 20157 | Elf:3    | Identified the +2 scimitar of Xoexoevue {spect, Dex+3}
 20234 | Elf:3    | Identified the +4 whip of the Vaults {venom, Dex+2}
 20234 | Elf:3    | Identified the ring "Vytzeiv" {rPois rC+ Str-2 Slay+4}
 20244 | Elf:3    | Learned a level 2 spell: Sublimation of Blood
 20251 | Elf:3    | Identified the ring "Iloompabb" {rPois rC+ Str+3 Int+3
                  | SInv}
 20326 | Elf:2    | Glimpsed the power of Zot.
 20466 | Lair:3   | Glimpsed the power of Zot.
 20515 | Lair:1   | Glimpsed the power of Zot.
 20650 | Vaults:1 | Entered Level 1 of the Vaults
 20845 | Vaults:1 | Noticed Asterion
 20852 | Vaults:1 | Killed Asterion
 21166 | Vaults:1 | Glimpsed the power of Zot.
 21411 | Vaults:2 | Noticed Boris
 21414 | Vaults:2 | Killed Boris
 21528 | Vaults:2 | Reached XP level 26. HP: 202/202 MP: 15/44
 21736 | Vaults:4 | Identified the +7 fire dragon scales of Grace {-Tele rF++
                  | rC- rN+ Slay+5}
 21885 | Vaults:5 | Entered Level 5 of the Vaults
 21891 | Vaults:5 | Noticed a dread lich
 21893 | Vaults:5 | Killed a dread lich
 21934 | Vaults:5 | Reached XP level 27. HP: 153/209 MP: 14/47
 22057 | Vaults:5 | Found Simae's Antique Weapon Shop.
 22071 | Vaults:5 | Found Xoinon's Antique Armour Shoppe.
 22071 | Vaults:5 | Found Ymnorhicla's Distillery.
 22075 | Vaults:5 | Bought a pair of embroidered gloves for 345 gold pieces
 22083 | Vaults:5 | Found Nesiowut's Magic Scroll Shoppe.
 22086 | Vaults:5 | Bought a potion of heal wounds for 55 gold pieces
 22086 | Vaults:5 | Bought a potion of heal wounds for 55 gold pieces
 22086 | Vaults:5 | Bought a potion of heal wounds for 55 gold pieces
 22149 | Vaults:5 | Found Gogh's Magic Scroll Shoppe.
 22153 | Vaults:5 | Bought a scroll of blinking for 127 gold pieces
 22170 | Vaults:5 | Found Igiros's Magic Scroll Shoppe.
 22459 | Vaults:5 | Found the +3 pair of seven-league boots {Rampage+∞}
 22530 | Vaults:5 | Identified the +7 rapier "Culiad" {venom, rC- Str+4 Int+8
                  | Dex-4}
 22676 | Vaults:5 | Got a silver rune of Zot
 23039 | Vaults:3 | Found a staircase to the Crypt.
 23741 | Depths:4 | Found a gate to the Realm of Zot.
 23898 | Zot:1    | Entered Level 1 of the Realm of Zot
 23899 | Zot:1    | Upgraded the game from 0.31-a0-963-ga325b2283a to
                  | 0.31-a0-965-g8a8ce12e04
 24452 | Zot:3    | Noticed a curse toe
 24673 | Zot:3    | Reached skill level 27 in Dodging
 24793 | Zot:5    | Entered Level 5 of the Realm of Zot
 24795 | Zot:5    | Noticed a Killer Klown
 24798 | Zot:5    | Killed a Killer Klown
 25133 | Zot:5    | Noticed a Killer Klown
 25135 | Zot:5    | Killed a Killer Klown
 25135 | Zot:5    | Noticed an orb of fire
 25136 | Zot:5    | Noticed a Killer Klown
 25143 | Zot:5    | Noticed a Killer Klown
 25143 | Zot:5    | Noticed a Killer Klown
 25149 | Zot:5    | Noticed an orb of fire
 25163 | Zot:5    | Paralysed by a Zot trap for 5 turns
 25164 | Zot:5    | Noticed a Killer Klown
 25167 | Zot:5    | Gained mutation: You are clumsy. (Dex -2) [an orb of fire]
 25193 | Zot:5    | Gained mutation: You have hidden genetic potential. [an orb
                  | of fire]
 25194 | Zot:5    | Gained mutation: Your body often deteriorates upon taking
                  | damage. [an orb of fire]
 25198 | Zot:5    | Killed an orb of fire
 25200 | Zot:5    | Killed a Killer Klown
 25203 | Zot:5    | Noticed a Killer Klown
 25206 | Zot:5    | Killed a Killer Klown
 25217 | Zot:5    | Noticed a Killer Klown
 25217 | Zot:5    | Noticed a Killer Klown
 25218 | Zot:5    | Noticed a Killer Klown
 25219 | Zot:5    | Killed a Killer Klown
 25221 | Zot:5    | Killed a Killer Klown
 25222 | Zot:5    | Killed a Killer Klown
 25313 | Zot:4    | Killed a Killer Klown
 25325 | Zot:5    | Killed a Killer Klown
 25371 | Zot:5    | Noticed a Killer Klown
 25375 | Zot:5    | Killed a Killer Klown
 25377 | Zot:5    | Noticed an orb of fire
 25381 | Zot:5    | Noticed an ancient lich
 25385 | Zot:5    | Killed an orb of fire
 25408 | Zot:4    | Noticed an orb of fire
 25414 | Zot:4    | Killed an orb of fire
 25437 | Zot:4    | Identified the ring of Mausoack {Ice *Corrode Fly Will+}
 25437 | Zot:4    | Noticed Josephina
 25450 | Zot:4    | Noticed a curse toe
 25454 | Zot:4    | Killed a curse toe
 25457 | Zot:4    | Noticed Grunn
 25458 | Zot:4    | Killed Josephina
 25460 | Zot:4    | Killed Grunn
 25603 | Zot:5    | Killed an ancient lich
 25621 | Zot:5    | Gained mutation: Your muscles are strong. (Str +4, Int/Dex
                  | -1) [hidden potential]
 25631 | Zot:5    | Reached skill level 15 in Fighting
 25721 | Zot:5    | Killed a Killer Klown
 25729 | Zot:5    | Noticed a curse toe
 25735 | Zot:5    | Killed a curse toe
 25884 | Zot:5    | Gained mutation: You are vulnerable to heat. (rF-) [an orb
                  | of fire]
 25890 | Zot:5    | Gained mutation: Armour fits poorly on your strangely
                  | shaped body. [an orb of fire]
 25891 | Zot:5    | Gained mutation: Your spells are a little easier to cast,
                  | but a little less powerful. [an orb of fire]
 25895 | Zot:5    | Killed an orb of fire
 25931 | Zot:5    | Lost mutation: You are dopey. (Int -2) [potion of mutation]
 25931 | Zot:5    | Lost mutation: Your spells are a little easier to cast, but
                  | a little less powerful. [potion of mutation]
 25931 | Zot:5    | Gained mutation: Your magical capacity is low. (-10% MP)
                  | [potion of mutation]
 25931 | Zot:5    | Lost mutation: You are resistant to electric shocks.
                  | (rElec) [potion of mutation]
 25932 | Zot:5    | Lost mutation: You are clumsy. (Dex -2) [potion of
                  | mutation]
 25932 | Zot:5    | Lost mutation: Your magical capacity is low. (-10% MP)
                  | [potion of mutation]
 25932 | Zot:5    | Lost mutation: Your muscles are strong. (Str +4, Int/Dex
                  | -1) [potion of mutation]
 25932 | Zot:5    | Gained mutation: You are agile. (Dex +4, Str/Int -1)
                  | [potion of mutation]
 25932 | Zot:5    | Gained mutation: You passively dampen the noise of your
                  | surroundings. [potion of mutation]
 25933 | Zot:5    | Lost mutation: Armour fits poorly on your strangely shaped
                  | body. [potion of mutation]
 25933 | Zot:5    | Lost mutation: You passively dampen the noise of your
                  | surroundings. [potion of mutation]
 25933 | Zot:5    | Gained mutation: You are partially covered in iridescent
                  | scales. (AC +2) [potion of mutation]
 25933 | Zot:5    | Gained mutation: Your mind is acute. (Int +4, Str/Dex -1)
                  | [potion of mutation]
 25934 | Zot:5    | Lost mutation: You have hidden genetic potential. [potion
                  | of mutation]
 25934 | Zot:5    | Lost mutation: You are partially covered in iridescent
                  | scales. (AC +2) [potion of mutation]
 25934 | Zot:5    | Lost mutation: You are vulnerable to heat. (rF-) [potion of
                  | mutation]
 25934 | Zot:5    | Gained mutation: Potions are less effective at restoring
                  | your health. [potion of mutation]
 25934 | Zot:5    | Gained mutation: You have a pair of small horns on your
                  | head. [potion of mutation]
 25935 | Zot:5    | Lost mutation: You have a pair of small horns on your head.
                  | [potion of mutation]
 25935 | Zot:5    | Lost mutation: You are agile. (Dex +4, Str/Int -1) [potion
                  | of mutation]
 25935 | Zot:5    | Gained mutation: Potions cannot restore your health.
                  | [potion of mutation]
 25935 | Zot:5    | Gained mutation: Your flesh is heat resistant. (rF+)
                  | [potion of mutation]
 25983 | Zot:5    | Got the Orb of Zot
 26514 | D:$      | Escaped with the Orb!

Illustrated notes

Levels and vault maps discovered:
D:1:      eino_arrival_cavern_e, layout_loops_ring, serial_shops,
          nicolae_lakefront_shop, moated_statue, nicolae_the_louvre
D:2:      layout_rooms, dreamdust_ecumenical_altar_drowned_temple
D:3:      corexii_shack_village, layout_basic, grunt_dithmenos_smoke,
          slow_altar_2, serial_shops, nicolae_shop_real_fake_doors,
          roderic_batcave
D:4:      layout_loops_ring, zin_purify, minmay_misc_feat_x, hellmonk_no_cap,
          uniq_crazy_yiuf_cottage
D:5:      layout_basic, mainiacjoe_overflow_cross_hatched,
          mainiacjoe_overflow_tiny_flanked, lemuel_temple_firewalk_b,
          grunt_ministairs_11, uniq_edmund
D:6:      layout_cave_pods, eat_drink_and_be_merry_uskayaw,
          grunt_temple_overflow_open, due_unseen_surprise
D:7:      layout_loops_corners, kennysheep_nondescript
D:8:      layout_layer_cave, uniq_erica, uniq_maurice, uniq_pikel
D:9:      layout_long_grid, hellmonk_lair_entry_icy,
          chequers_serial_rivers_micro_c
D:10:     layout_loops_ring
D:11:     layout_loops_ring
D:12:     layout_basic, portal_ice_cave_entry_pillars_2
D:13:     layout_stronghold, david_vaults_4, uniq_frances
D:14:     layout_cave_pods, minmay_nine_imps, uniq_rupert
D:15:     gammafunk_depths_entry_grave, layout_cave_pods,
          nicolae_qazlal_general_emergency
Temple:   bh_familiar_temple
Lair:1:   layout_roguey, gauntlet_entry_generic, grunt_megastairs_2
Lair:2:   layout_gridlike, hellmonk_spider_entry_life_and_decay,
          nicolae_lair_grove_arrangements, kennysheep_snail_temple,
          lemuel_fruit_fields
Lair:3:   layout_roguey, elwin_shoals_entry_rooms, grunt_forest_stairs_clearing
Lair:4:   minmay_lair_oklob_chamber, layout_regular_city, nzn_sisyphean_effort
Lair:5:   grunt_lair_end_beastmaster, layout_regular_city,
          minmay_slime_entry_eyes, kennysheep_basilisk_garden,
          lemuel_fruit_fields
Shoals:1: layout_shoals, nicolae_take_the_stairs, uniq_louise
Shoals:2: layout_shoals, serial_shops, nicolae_shop_just_a_little_nook
Shoals:3: layout_shoals
Shoals:4: shoals_end_simple, layout_shoals, uniq_bai_suzhen, uniq_nikola,
          uniq_polyphemus
Spider:1: layout_spider_delve
Spider:2: layout_spider_delve
Spider:3: layout_spider_delve, nicolae_spider_circle_web
Spider:4: guppyfry_spider_rune, uniq_kirke
Orc:1:    layout_caves, serial_shops, shop
Orc:2:    pubby_orc_utopia, uniq_jorgrun
Elf:1:    eino_elf_arrival_shootout, layout_loops_cross, serial_shops,
          freezing_bzr, orc_legates, abandoned_shop
Elf:2:    elven_hall_of_blades_hangedman_alternative
          [nicolae_blade_entry_area_security], layout_rooms, special_room
          [special_room_orc], serial_shops, shop, hangedman_glass_teeth,
          nicolae_elf_shapeshifter_party
Elf:3:    minmay_elf_hall_golems, layout_geoelf_grid, serial_shops, shop,
          minivault_24, minmay_elf_demonology, uniq_norris
Vaults:1: nicolae_vaults_trapezoid_layered, vaults_dpeg_doors,
          nicolae_vaults_frosty_reception, nicolae_vaults_trapezoid_lopsided_4,
          nicolae_vaults_little_squares_6, nicolae_vaults_tetromino_Z_1,
          vaults_dpeg_diagonal, nicolae_vaults_network_square,
          nicolae_vaults_doubleplus_tesselated, nicolae_vaults_sesquioval_fish,
          nicolae_vaults_stairing_the_circle, v_misc_1, sword_in_stone,
          ontoclasm_vaults_ring_small, nicolae_vaults_tetromino_L_2,
          layout_vaults_big_cross
Vaults:2: hangedman_vaults_nails, nicolae_vaults_trapezoid_lopsided_3,
          vaults_room_pool, v_pattern_5, nicolae_vaults_layer_cake_slice,
          nicolae_vaults_trapezoid_2, nicolae_vaults_big_ls,
          nicolae_vaults_diamond_2, vaults_room_grunt_arrival_ludios,
          nicolae_vaults_heart-shaped_vault, nicolae_vaults_double_plus_1,
          layout_vaults_quadrants, uniq_boris
Vaults:3: nicolae_vaults_mitosis, nicolae_vaults_house_3,
          nicolae_vaults_weapon_check, nicolae_vaults_turnstiles,
          nicolae_vaults_display_case, minmay_crypt_entry_simple_statues,
          nicolae_vaults_trapezoid_3, nicolae_vaults_angled_halls,
          hangedman_vaults_corner_blocks, nicolae_vaults_trapezoid_lopsided_1,
          layout_vaults_ring
Vaults:4: v_misc_9, nicolae_vaults_closet_pinwheel_5,
          nicolae_vaults_trapezoid_4, hangedman_vaults_restitches,
          dpeg_vaults_monster_row, v_alt_pattern_6,
          nicolae_vaults_ellipses_ellipsis, nicolae_vaults_storage_room_doors,
          layout_vaults_big_room
Vaults:5: serial_shops
Depths:1: layout_basic, minmay_misc_feat_four_crosses, serial_shops, shop,
          nicolae_shop_advertising_works [nicolae_subvault_shop_adworks],
          nicolae_shop_behind_doors, hell_entry, minivault_14,
          nicolae_two_hexagons, kennysheep_crisscross, nicolae_danse_macabre
Depths:2: regret_index_dithmenos_brocken_genspenst, layout_cave_shapes,
          enter_ziggurat_c, hangedman_tar_grid_catacomb, chequers_jeans,
          rand_demon_pan_entry_7, kennysheep_generic_room_11
Depths:3: kennysheep_ambush_hall, layout_cave_shapes,
          serial_sigils_hangedman_leer, nicolae_hell_entry_hellmouth_sunbeams,
          nicolae_abyss_entry_one_way_or_another, kennysheep_diamond
Depths:4: grunt_zot_entry_funnels, layout_cross, abyss_entry, hell_entry,
          reono_crystal_passage, serial_bayou_shore_b
Zot:1:    layout_onion_interference, regret_index_zotdec_fiery_em,
          grunt_ministairs_13
Zot:2:    layout_onion_interference
Zot:3:    gammafunk_mikee_crab_dinner, layout_twisted_circle,
          hangedman_swamp_dais, uniq_parghit
Zot:4:    layout_gridlike, regret_index_zotdec_twisting_globes, uniq_josephina,
          uniq_grunn
Zot:5:    layout_basic

Skill      XL: |  1  2  3  4  5  6  7  8  9 10 11 12 13 14 15 16 17 18 19 20 21 22 23 24 25 26 27 |
---------------+----------------------------------------------------------------------------------+-----
Earth Magic    | 4 5 6 7 8 9 14 17 21 22 24 27 | 27.0
Conjurations   | 4 8 10 11 12 14 15 17 19 20 21 22 23 | 23.6
Dodging        | 3 8 10 11 13 14 15 17 18 19 21 22 27 | 27.0
Spellcasting   | 3 5 6 7 9 10 11 12 15 16 19 21 | 21.8
Staves         | 9 12 | 12.0
Translocations | 5 |  5.0
Evocations     | 5 10 13 | 13.8
Air Magic      | 1 |  1.4
Poison Magic   | 5 |  5.0
Fighting       | 5 10 15 | 15.8
Stealth        | |  1.4
Transmutations | |  1.2

Action                     |  1- 3 |  4- 6 |  7- 9 | 10-12 | 13-15 | 16-18 | 19-21 | 22-24 | 25-27 || total
---------------------------+-------+-------+-------+-------+-------+-------+-------+-------+-------++-------
  Melee: Unarmed           |     2 |     4 |       |     3 |       |       |       |       |       ||     9
         Short sword       |       |     2 |    16 |    46 |       |       |       |       |       ||    64
         Staff             |       |       |       |    27 |   346 |   631 |   610 |   225 |   274 ||  2113
         Punch             |       |       |       |       |     6 |     4 |     4 |     4 |       ||    18
   Cast: Sandblast         |    36 |    87 |    85 |   141 |     1 |       |       |       |       ||   350
         Stone Arrow       |       |       |    16 |    60 |   210 |    51 |   228 |    23 |    41 ||   629
         Brom's Barrelling |       |       |     1 |    21 |    10 |       |       |       |       ||    32
         Iskenderun's Myst |       |       |       |     8 |    31 |    18 |    65 |     4 |     1 ||   127
         Olgreb's Toxic Ra |       |       |       |     3 |     6 |     1 |     6 |       |       ||    16
         Bombard           |       |       |       |       |    11 |   119 |    67 |    37 |   173 ||   407
         Orb of Destructio |       |       |       |       |     2 |    12 |    38 |     5 |    33 ||    90
         Mephitic Cloud    |       |       |       |       |     4 |     5 |     3 |       |       ||    12
         Shatter           |       |       |       |       |       |       |    24 |   110 |   404 ||   538
Ability: Evoke the Staff o |       |       |       |     2 |    64 |    66 |    34 |       |       ||   166
  Evoke: Wand              |       |       |       |    11 |     2 |    10 |     9 |       |     3 ||    35
         Lightning rod     |       |       |       |     3 |     6 |     8 |       |       |     4 ||    21
         Box of beasts     |       |       |       |       |       |       |       |       |     1 ||     1
    Use: Scroll            |       |       |    10 |     8 |    11 |     7 |     9 |     3 |     6 ||    54
         Potion            |       |       |     3 |     6 |     1 |     4 |     1 |     1 |    13 ||    29
   Stab: Paralysed         |       |       |       |     7 |       |       |       |       |       ||     7
         Confused          |       |       |       |       |     3 |       |       |       |       ||     3
         Petrified         |       |       |       |       |       |       |     3 |       |       ||     3
 Armour: Robe              |     6 |    27 |    35 |    89 |   111 |   461 |   362 |   157 |   243 ||  1491
         Skin              |       |       |       |       |       |       |       |       |     3 ||     3
  Dodge: Dodged            |    12 |    72 |    62 |   240 |   405 |  1038 |   829 |   397 |   613 ||  3668

Table legend: (Time is in decaauts)
 A = Elapsed time spent in this place.
 B = Non-inter-level travel time spent in this place.
 C = Inter-level travel time spent in this place.
 D = Time resting spent in this place.
 E = Time spent auto-exploring this place.
 F = Levels seen in this place.
 G = Mean time per level.
                   A        B        C        D        E       F      G
               +--------+--------+--------+--------+--------+-----+--------+
         Total |  25943 |  21760 |   4183 |    429 |    831 |  51 |  508.7 |
       Dungeon |   8654 |   6797 |   1857 |     11 |    411 |  15 |  576.9 |
        Temple |      3 |      3 |      0 |      0 |      0 |   1 |    3.0 |
          Lair |   2957 |   2465 |    492 |    127 |      0 |   5 |  591.4 |
        Shoals |   1897 |   1777 |    120 |      5 |      0 |   4 |  474.2 |
   Spider Nest |   2042 |   1756 |    286 |     63 |      0 |   4 |  510.5 |
  Orcish Mines |   1020 |    784 |    236 |      0 |      0 |   2 |  510.0 |
   Elven Halls |   1722 |   1389 |    333 |      0 |      0 |   3 |  574.0 |
        Vaults |   2849 |   2644 |    205 |      0 |    420 |   5 |  569.8 |
        Depths |   2023 |   1627 |    396 |     52 |      0 |   4 |  505.8 |
           Zot |   2114 |   1858 |    256 |    168 |      0 |   5 |  422.8 |
        Bazaar |    103 |    103 |      0 |      0 |      0 |   1 |  103.0 |
      Ice Cave |    403 |    403 |      0 |      2 |      0 |   1 |  403.0 |
      Gauntlet |    151 |    151 |      0 |      0 |      0 |   1 |  151.0 |
               +--------+--------+--------+--------+--------+-----+--------+

Top non-repeatable levels by time:
Vaults:5: 959 daAuts
     D:9: 947 daAuts
   Orc:2: 805 daAuts
   Zot:5: 785 daAuts
  Lair:5: 736 daAuts
Spider:4: 720 daAuts
    D:11: 703 daAuts
Shoals:4: 688 daAuts
Depths:1: 684 daAuts
     D:5: 672 daAuts
  Lair:2: 670 daAuts
    D:13: 642 daAuts
   Elf:3: 619 daAuts
  Lair:4: 602 daAuts
Depths:2: 594 daAuts
